 Dungeon Crawl Stone Soup version 0.28-a0-1143-gcf6077d4cc (webtiles) character file.

Game seed: 4453287475447248899

1 spaghetti the Sneak (level 1, -1/18 HPs)
             Began as a Mummy Delver on Dec 14, 2021.
             Was an Initiate of Cheibriados.
             Slain by a hound skeleton (2 damage)
             ... on level 4 of the Dungeon.
             The game lasted 00:01:03 (456 turns).

spaghetti the Sneak (Mummy Delver)                   Turns: 456, Time: 00:01:04

Health: -1/18      AC:  3    Str: 16    XL:     1   Next: 16%
Magic:  1/1        EV: 11    Int: 10    God:    Cheibriados [......]
Gold:   46         SH:  0    Dex: 14    Spells: 0/0 levels left

rFire   x . .      SeeInvis .     - Unarmed
rCold   + . .      Faith    .   (no shield)
rNeg    + + +      Spirit   .   a - +0 leather armour
rPois   ∞          Reflect  .   (no helmet)
rElec   .          Harm     .   (no cloak)
rCorr   .          Rampage  .   (no gloves)
Will    .....                   (no boots)
Stlth   ++........              (no amulet)
HPRegen 0.06/turn               (no ring)
MPRegen 0.07/turn               (no ring)

@: very slow
A: cold resistance 1, negative energy resistance 3, torment resistance 2, heat
vulnerability 1, no potions
a: Renounce Religion


You were on level 4 of the Dungeon.
You worshipped Cheibriados.
Cheibriados was noncommittal.
You visited 2 branches of the dungeon, and saw 3 of its levels.

You collected 46 gold pieces.


Innate Abilities, Weirdness & Mutations

You are immune to poison.
Your flesh is cold resistant. (rC+)
You are immune to negative energy. (rN+++)
You are immune to unholy pain and torment.
You are vulnerable to heat. (rF-)
You do not drink.


   Skills:
 - Level 3.0 Fighting
 - Level 1.5 Dodging
 - Level 4.1 Stealth
 + Level 1.7 Unarmed Combat


You couldn't memorise any spells.
You didn't know any spells.
Your spell library contained the following spells:

 Spells                   Type           Power      Damage    Failure   Level
 Animate Skeleton         Necr           0%         N/A       43%         1
 Magic Dart               Conj           0%         1d3       43%         1
 Pain                     Necr           0%         1d4       43%         1

Inventory:

Missiles
 c - 11 stones (quivered) {throwing}
Armour
 a - a +0 leather armour (worn)
Wands
 e - a wand of digging (3)
 f - a wand of acid (8)
   (You found it on level 4 of the Dungeon)
Scrolls
 b - a scroll of fog
 d - a scroll of fear

Dungeon Overview and Level Annotations

Branches:
Dungeon (5/15)             Temple (1/1) D:5

Altars:
Ashenzari
Cheibriados
Dithmenos
Elyvilon
Fedhas
Gozag
Makhleb
Okawaru
Ru
Trog
Uskayaw
Vehumet
Xom
Yredelemnul
Zin
The Shining One

Annotations:
D:4 Ijyb

##.....## ##.......##
#....$....# #.........#
#.........#
#......?..#### ##
#............# ..
#.......>....# #.###
#........r@..####
....###........Z...<....
...................#####
...................#
....# .........#...#
..>.# ###...).##...#
..$.# ...K......###
..g.# ....#.##.#.
###.....<#.#. .


You could see a quokka, a kobold (wandering) and a hound skeleton.


Message History

😕 HP[-1]
You take 1 damage, and now have 17/18 hp.
You barely miss the hobgoblin. The hobgoblin hits you. 😕 HP[-2]
You take 2 damage, and now have 15/18 hp.
You hit the hobgoblin.
You kill the hobgoblin!
Cheibriados thoroughly appreciates the change of pace.
The hound skeleton closely misses you.
You barely miss the hound skeleton. The hound skeleton barely misses you.
The hound skeleton bites you. 😮 HP[-2]
You take 2 damage, and now have 13/18 hp.
You are too injured to fight recklessly!
You are too injured to fight recklessly!
You are too injured to fight recklessly!
You are too injured to fight recklessly!
You are too injured to fight recklessly!
You are too injured to fight recklessly!
You are too injured to fight recklessly!
You are too injured to fight recklessly!
You are too injured to fight recklessly!
You are too injured to fight recklessly!
You are too injured to fight recklessly!
You are too injured to fight recklessly!
You are too injured to fight recklessly!
You are too injured to fight recklessly!
You are too injured to fight recklessly!
You are too injured to fight recklessly!
You are too injured to fight recklessly!
You are too injured to fight recklessly!
You are too injured to fight recklessly!
You are too injured to fight recklessly!
You barely miss the hound skeleton.
The hound skeleton bites you but does no damage.
You barely miss the hound skeleton. The hound skeleton barely misses you.
You hit the hound skeleton but do no damage.
The hound skeleton barely misses you.
You hit the hound skeleton but do no damage.
The hound skeleton closely misses you. The hound skeleton barely misses you.
You barely miss the hound skeleton. The hound skeleton bites you. 😮 HP[-1]
You take 1 damage, and now have 12/18 hp.
You hit the hound skeleton.
The hound skeleton bites you but does no damage.
You hit the hound skeleton.
The hound skeleton bites you but does no damage. x2
You can't drink.
You hit the hound skeleton. The hound skeleton bites you. 😮 HP[-2]
You take 2 damage, and now have 10/18 hp.
Okay, then.
Okay, then.
You can't drink.
Unknown command.
Okay, then.
Throw: 14 stones {throwing}
Press: ? - help, Q - select action Shift-Dir - straight line, f - hound skeleton
Aim: a hound skeleton (moderately damaged, 74% to hit)
Okay, then.
Okay, then.
Throw: 14 stones {throwing}
Press: ? - help, Q - select action Shift-Dir - straight line, f - hound skeleton
Aim: a hound skeleton (moderately damaged, 74% to hit)
You throw a stone {throwing}.
The stone {throwing} hits the hound skeleton.
The hound skeleton misses you.
Throw: 13 stones {throwing}
Press: ? - help, Q - select action Shift-Dir - straight line, f/p - hound skeleton
Aim: a hound skeleton (moderately damaged, 74% to hit)
You throw a stone {throwing}.
The stone {throwing} hits the hound skeleton.
The hound skeleton barely misses you. The hound skeleton bites you.
* * * LOW HITPOINT WARNING * * *
😨 HP[-2]
You take 2 damage, and now have 8/18 hp.
Throw: 12 stones {throwing}
Press: ? - help, Q - select action Shift-Dir - straight line, f/p - hound skeleton
Aim: a hound skeleton (heavily damaged, 74% to hit)
You throw a stone {throwing}.
The stone {throwing} hits the hound skeleton.
The hound skeleton bites you.
* * * LOW HITPOINT WARNING * * *
😨 HP[-3]
You take 3 damage, and now have 5/18 hp.
Unknown command.
Unknown command.
Unknown command.
The quokka bites you.
* * * LOW HITPOINT WARNING * * *
The hound skeleton barely misses you. The quokka bites you.
* * * LOW HITPOINT WARNING * * *
The hound skeleton misses you. 😱 HP[-4]
You take 4 damage, and now have 1/18 hp.
MASSIVE DAMAGE!! (PAUSE)
You see here a wand of acid (8).
f - a wand of acid (8)
The hound skeleton bites you.
You die...

Action                   || total
-------------------------++-------
Melee: Unarmed           ||    13
Throw: Stone             ||     3
  Use: Scroll            ||     1
Armor: Leather armour    ||     4
Dodge: Dodged            ||    11

Levels and vault maps discovered:
D:4:      gammafunk_wand_slinger, layout_rooms, serial_shops,
          nicolae_shop_crystal, gammafunk_ghost_necromancy,
          grunt_decor_mini_mirrors, uniq_ijyb
D:5:      layout_loops_corners, minmay_temple_entry_poolview,
          hangedman_abyss_or_decor_stabs, uniq_duvessa, uniq_edmund
Temple:   regret_index_temple_sphere_string

Notes
Turn   | Place    | Note
-------+----------+-------------------------------------------
     0 | D:5      | spaghetti the Mummy Delver began the quest for the Orb.
     0 | D:5      | Reached XP level 1. HP: 18/18 MP: 1/1
     0 | D:5      | magus.rc [v1.9.6]
    88 | D:5      | Found a staircase to the Ecumenical Temple.
    97 | Temple   | Entered the Ecumenical Temple
   191 | Temple   | Became a worshipper of Cheibriados the Contemplative
   247 | D:5      | You add the spells Magic Dart, Animate Skeleton and Pain to
                  | your library.
   247 | D:5      | Got Witchcraft for Absolute Beginners
   303 | D:4      | Noticed Ijyb
   388 | D:5      | Noticed a sky beast
   454 | D:4      | HP: 1/18 [quokka (4)]
   456 | D:4      | Slain by a hound skeleton

Vanquished Creatures
  A hobgoblin (D:4)
1 creature vanquished.

Table legend:
 A = Non-vault XP
 B = Vault XP
 C = Vault XP percentage of total XP
 D = Non-vault monster count
 E = Vault monster count
 F = Vault count percentage of total count
                 A         B        C        D         E       F
            +---------+---------+-------+---------+---------+-------
      Total |       2 |       0 |   0.0 |       1 |       0 |   0.0
            +---------+---------+-------+---------+---------+-------
        D:4 |       2 |       0 |   0.0 |       1 |       0 |   0.0
            +---------+---------+-------+---------+---------+-------

Illustrated notes

Table legend:
 A = Kills in this place as a percentage of kills in entire the game.
 B = Kills by you in this place as a percentage of kills by you in the entire game.
 C = Kills by friends in this place as a percentage of kills by friends in the entire game.
 D = Other kills in this place as a percentage of other kills in the entire game.
 E = Experience gained in this place as a percentage of experience gained in the entire game.
 F = Experience gained in this place divided by the number of levels of this place that you have seen.
                   A       B       C       D       E      F
               +-------+-------+-------+-------+-------+----------------------
         Total | 100.0 | 100.0 |   N/A |   N/A | 100.0 |   0.7
       Dungeon | 100.0 | 100.0 |   N/A |   N/A | 100.0 |   1.0
               +-------+-------+-------+-------+-------+----------------------

Table legend: (Time is in decaauts)
 A = Elapsed time spent in this place.
 B = Non-inter-level travel time spent in this place.
 C = Inter-level travel time spent in this place.
 D = Time resting spent in this place.
 E = Time spent auto-exploring this place.
 F = Levels seen in this place.
 G = Mean time per level.
                   A        B        C        D        E       F      G
               +--------+--------+--------+--------+--------+-----+--------+
         Total |    521 |    273 |    248 |      0 |    200 |   3 |  173.7 |
       Dungeon |    394 |    178 |    216 |      0 |    133 |   2 |  197.0 |
        Temple |    126 |     95 |     31 |      0 |     67 |   1 |  126.0 |
               +--------+--------+--------+--------+--------+-----+--------+

Top non-repeatable levels by time:
     D:5: 363 daAuts
  Temple: 126 daAuts
     D:4: 30 daAuts
